MWL (24 & UNDER)
PLUMSTEAD EAGLES @ LEE'S SUMMIT TIGERS
09/19/2025
 
TOP OF THE 1ST
Plumstead Eagles batting - Pitching for Lee's Summit Tigers : RHP Todd Brewster
Pitching: RHP Todd Brewster
Batting: RHB Carlos Palomón 0-0: Ball
1-0: Called Strike
1-1: Ball
2-1: Ball
3-1: Foul Ball, location: 2F
3-2: Base on Balls
Batting: RHB Jaime Rodríguez 0-0: Ball
1-0: TRIPLE (Flyball, 89XD)
Carlos Palomón scores
Batting: RHB Juan Caceres 0-0: Swinging Strike
0-1: Ball
1-1: Ball
2-1: Foul Ball, location: 2F
2-2: DOUBLE (Line Drive, 7LM)
Jaime Rodríguez scores
Batting: RHB Ethan Moore 0-0: Ball
1-0: Fly out, F8 (Flyball, 8LM)
Batting: RHB José Moreno 0-0: Called Strike
0-1: Hit by Pitch
Batting: LHB Rubén Martínez 0-0: Foul Ball, location: 2F
0-1: Ball
1-1: Fly out, F7 (Flyball, 7LS)
Batting: LHB Arturo Álvarez 0-0: Called Strike
0-1: Swinging Strike
0-2: Foul Ball, location: 2F
0-2: Strikes out swinging
Top of the 1st over - 2 run(s), 2 hit(s), 0 error(s), 2 left on base; Plumstead 2 - Lee's Summit 0
BOTTOM OF THE 1ST
Lee's Summit Tigers batting - Pitching for Plumstead Eagles : RHP Matt Barlow
Pitching: RHP Matt Barlow
Batting: LHB Juan Hinojosa 0-0: Ball
1-0: SINGLE (Groundball, 4MD)
Batting: LHB Tomás Téllez 0-0: Called Strike
0-1: Foul Ball, location: 2F
0-2: SINGLE (Line Drive, 4M)
Juan Hinojosa to second
Batting: RHB Oliver Todd 0-0: Ball
1-0: Swinging Strike
1-1: Swinging Strike
Single, Error in OF, E7, batter to second base
Juan Hinojosa scores
Tomás Téllez to third
Batting: LHB Edward Rose 0-0: Ground out U3 (Groundball, 3L)
Batting: LHB Henry Durham 0-0: Ball
1-0: Ball
2-0: Called Strike
2-1: Foul Ball, location: 2F
2-2: SINGLE (Groundball, 5D)
Tomás Téllez scores
Oliver Todd to third
Runner from 3rd tries for Home, SAFE, no throw or cutoff
Batting: RHB José López 0-0: SINGLE (Line Drive, 9S)
Henry Durham to second
Batting: RHB Rusty Bennett 0-0: Ball
1-0: Ball
2-0: Called Strike
2-1: Ground out 3-1 (Groundball, 34S)
Henry Durham to third
José López to second
Batting: RHB Gustavo Valle 0-0: Called Strike
0-1: Ball
1-1: Foul Ball, location: 2F
1-2: Strikes out swinging
Bottom of the 1st over - 3 run(s), 5 hit(s), 1 error(s), 2 left on base; Plumstead 2 - Lee's Summit 3
TOP OF THE 2ND
Plumstead Eagles batting - Pitching for Lee's Summit Tigers : RHP Todd Brewster
Batting: RHB Howard Johnson 0-0: Ball
1-0: Ball
2-0: Called Strike
2-1: Ball
3-1: Called Strike
3-2: Strikes out swinging
Batting: LHB Dennis McConnell 0-0: Called Strike
0-1: Ball
1-1: Swinging Strike
1-2: Foul Ball, location: 2F
1-2: Strikes out swinging
Batting: RHB Carlos Palomón 0-0: Ball
1-0: Ground out 6-3 (Groundball, 6)
Top of the 2nd over - 0 run(s), 0 hit(s), 0 error(s), 0 left on base; Plumstead 2 - Lee's Summit 3
BOTTOM OF THE 2ND
Lee's Summit Tigers batting - Pitching for Plumstead Eagles : RHP Matt Barlow
Batting: LHB Darren Holland 0-0: Called Strike
0-1: Fly out, F1 (Popup, 13S)
Batting: LHB Juan Hinojosa 0-0: Ball
1-0: Foul Ball, location: 2F
1-1: Foul Ball, location: 2F
1-2: Ball
2-2: Fly out, F9 (Flyball, 89M)
Batting: LHB Tomás Téllez 0-0: Called Strike
0-1: Swinging Strike
0-2: Foul Ball, location: 2F
0-2: Hit by Pitch
Batting: RHB Oliver Todd 0-0: Ball
1-0: Foul Ball, location: 2F
1-1: Called Strike
1-2: Ball
2-2: Ball
3-2: Foul Ball, location: 2F
3-2: Base on Balls
Tomás Téllez to second
Batting: LHB Edward Rose 0-0: Ball
1-0: Called Strike
1-1: Ball
2-1: Fly out, F7 (Popup, 7S)
Bottom of the 2nd over - 0 run(s), 0 hit(s), 0 error(s), 2 left on base; Plumstead 2 - Lee's Summit 3
TOP OF THE 3RD
Plumstead Eagles batting - Pitching for Lee's Summit Tigers : RHP Todd Brewster
Batting: RHB Jaime Rodríguez 0-0: Ball
1-0: SINGLE (Groundball, 5S)
Batting: RHB Juan Caceres 0-0: Called Strike
0-1: Ball
1-1: Ball
2-1: 2-RUN HOME RUN (Flyball, 7LD), Distance : 323 ft
Batting: RHB Ethan Moore 0-0: Called Strike
0-1: Swinging Strike
0-2: Strikes out looking
Batting: RHB José Moreno 0-0: SINGLE (Line Drive, 6MD)
Batting: LHB Rubén Martínez 0-0: Called Strike
0-1: Ball
1-1: Ball
2-1: Swinging Strike
2-2: Ball
3-2: Foul Ball, location: 2F
3-2: Strikes out swinging
José Moreno is caught stealing 2nd base
Batter strikes out.
Top of the 3rd over - 2 run(s), 3 hit(s), 0 error(s), 0 left on base; Plumstead 4 - Lee's Summit 3
BOTTOM OF THE 3RD
Lee's Summit Tigers batting - Pitching for Plumstead Eagles : RHP Matt Barlow
Batting: LHB Henry Durham 0-0: Called Strike
0-1: Ball
1-1: Ground out 1-3 (Groundball, 23)
Batting: RHB José López 0-0: Swinging Strike
0-1: Foul Ball, location: 2F
0-2: Foul Ball, location: 2F
0-2: Strikes out looking
Batting: RHB Rusty Bennett 0-0: Foul Ball, location: 2F
0-1: Swinging Strike
0-2: Foul Ball, location: 2F
0-2: Foul Ball, location: 2F
0-2: Foul Ball, location: 2F
0-2: Ball
1-2: Ground out 6-3 (Groundball, 6M)
Bottom of the 3rd over - 0 run(s), 0 hit(s), 0 error(s), 0 left on base; Plumstead 4 - Lee's Summit 3
TOP OF THE 4TH
Plumstead Eagles batting - Pitching for Lee's Summit Tigers : RHP Todd Brewster
Batting: LHB Arturo Álvarez 0-0: Ball
1-0: Called Strike
1-1: Foul Ball, location: 2F
1-2: Strikes out looking
Batting: RHB Howard Johnson 0-0: Ground out 5-3 (Groundball, 56S)
Batting: LHB Dennis McConnell 0-0: Called Strike
0-1: Swinging Strike
0-2: Ground out 5-3 (Groundball, 56)
Top of the 4th over - 0 run(s), 0 hit(s), 0 error(s), 0 left on base; Plumstead 4 - Lee's Summit 3
BOTTOM OF THE 4TH
Lee's Summit Tigers batting - Pitching for Plumstead Eagles : RHP Matt Barlow
Batting: RHB Gustavo Valle 0-0: Called Strike
0-1: Ground out 5-3 (Groundball, 56)
Batting: LHB Darren Holland 0-0: Fly out, F7 (Flyball, 7LM)
Batting: LHB Juan Hinojosa 0-0: Foul Ball, location: 2F
0-1: Foul Ball, location: 2F
0-2: Ground out 6-3 (Groundball, 6)
Bottom of the 4th over - 0 run(s), 0 hit(s), 0 error(s), 0 left on base; Plumstead 4 - Lee's Summit 3
TOP OF THE 5TH
Plumstead Eagles batting - Pitching for Lee's Summit Tigers : RHP Todd Brewster
Batting: RHB Carlos Palomón 0-0: Ball
1-0: Called Strike
1-1: Ball
2-1: Called Strike
2-2: Ball
3-2: Base on Balls
Batting: RHB Jaime Rodríguez 0-0: Called Strike
0-1: Ball
1-1: Ball
2-1: Foul Ball, location: 2F
2-2: Strikes out looking
Batting: RHB Juan Caceres 0-0: Ball
1-0: Called Strike
1-1: Ball
Carlos Palomón is caught stealing 2nd base
2-1: Foul Ball, location: 2F
2-2: Strikes out swinging
Top of the 5th over - 0 run(s), 0 hit(s), 0 error(s), 0 left on base; Plumstead 4 - Lee's Summit 3
BOTTOM OF THE 5TH
Lee's Summit Tigers batting - Pitching for Plumstead Eagles : RHP Matt Barlow
Batting: LHB Tomás Téllez 0-0: Ball
1-0: Ball
2-0: SINGLE (Line Drive, 34D)
Batting: RHB Oliver Todd 0-0: Ball
1-0: SINGLE (Line Drive, 78S)
Tomás Téllez to second
Batting: LHB Edward Rose 0-0: Called Strike
0-1: Fly out, F8 (Line Drive, 8RM)
Batting: LHB Henry Durham 0-0: Called Strike
0-1: Swinging Strike
0-2: Strikes out swinging
Batting: RHB José López 0-0: Fly out, F8 (Flyball, 8RM)
Bottom of the 5th over - 0 run(s), 2 hit(s), 0 error(s), 2 left on base; Plumstead 4 - Lee's Summit 3
TOP OF THE 6TH
Plumstead Eagles batting - Pitching for Lee's Summit Tigers : RHP Todd Brewster
Batting: RHB Ethan Moore 0-0: Ball
1-0: SINGLE (Flyball, 3D)
Batting: RHB José Moreno 0-0: Ball
1-0: Foul Ball, location: 2F
1-1: Called Strike
1-2: Ball
2-2: Ball
3-2: Base on Balls
Ethan Moore to second
Pitching: RHP Jeff Mann
Batting: LHB Rubén Martínez 0-0: Foul Ball, location: 2F
0-1: Grounds out, U3 (Groundball, 3L)
Ethan Moore to third
Batting: LHB Arturo Álvarez 0-0: Called Strike
0-1: Called Strike
0-2: Strikes out looking
Batting: RHB Howard Johnson 0-0: Foul Ball, location: 2F
0-1: Ball
1-1: Ball
2-1: Swinging Strike
2-2: Foul Ball, location: 2F
2-2: Strikes out swinging
Top of the 6th over - 0 run(s), 1 hit(s), 0 error(s), 2 left on base; Plumstead 4 - Lee's Summit 3
BOTTOM OF THE 6TH
Lee's Summit Tigers batting - Pitching for Plumstead Eagles : RHP Matt Barlow
Pitching: LHP Pat Bruce
Batting: RHB Rusty Bennett 0-0: Foul Ball, location: 2F
0-1: Swinging Strike
0-2: Ball
1-2: Ball
2-2: Ball
3-2: Foul Ball, location: 2F
3-2: Foul Ball, location: 2F
3-2: Foul Ball, location: 2F
3-2: Strikes out swinging
Batting: RHB Gustavo Valle 0-0: Swinging Strike
0-1: Called Strike
0-2: Ball
1-2: Foul Ball, location: 2F
1-2: Foul Ball, location: 2F
1-2: Strikes out swinging
Batting: LHB Darren Holland 0-0: Ball
1-0: Ball
2-0: Fly out, F8 (Flyball, 8LM)
Bottom of the 6th over - 0 run(s), 0 hit(s), 0 error(s), 0 left on base; Plumstead 4 - Lee's Summit 3
TOP OF THE 7TH
Plumstead Eagles batting - Pitching for Lee's Summit Tigers : RHP Jeff Mann
Batting: LHB Dennis McConnell 0-0: Swinging Strike
0-1: Foul Ball, location: 2F
0-2: Ball
1-2: Strikes out swinging
Batting: RHB Carlos Palomón 0-0: Foul Ball, location: 2F
0-1: Ball
1-1: Ground out 6-3 (Groundball, 6MS)
Batting: RHB Jaime Rodríguez 0-0: Ball
1-0: Ball
2-0: Foul Ball, location: 2F
2-1: Ball
3-1: Base on Balls
Batting: RHB Juan Caceres 0-0: Ball
1-0: Called Strike
1-1: Foul Ball, location: 2F
1-2: Strikes out swinging
Top of the 7th over - 0 run(s), 0 hit(s), 0 error(s), 1 left on base; Plumstead 4 - Lee's Summit 3
BOTTOM OF THE 7TH
Lee's Summit Tigers batting - Pitching for Plumstead Eagles : LHP Pat Bruce
Batting: LHB Juan Hinojosa 0-0: Called Strike
0-1: Ball
1-1: Ball
2-1: Called Strike
2-2: Foul Ball, location: 2F
2-2: Strikes out swinging
Batting: LHB Tomás Téllez 0-0: Ball
1-0: Ball
2-0: Ball
3-0: Called Strike
3-1: Base on Balls
Batting: RHB Oliver Todd 0-0: Called Strike
0-1: Called Strike
0-2: Ball
1-2: DOUBLE (Flyball, 89D)
Tomás Téllez to third
Pitching: LHP Joe Cates
Batting: LHB Edward Rose 0-0: Swinging Strike
0-1: Fly out, F7 (Flyball, 7M)
Batting: LHB Henry Durham 0-0: Ball
1-0: Swinging Strike
1-1: Foul Ball, location: 2F
1-2: SINGLE (Groundball, 3D)
Tomás Téllez scores
Oliver Todd to third
Runner from 3rd tries for Home, SAFE, no throw or cutoff
Pinch Hitting: RHB Michael Hall 0-0: Ball
1-0: Called Strike
1-1: Called Strike
1-2: Ground out 6-3 (Groundball, 6)
Bottom of the 7th over - 2 run(s), 2 hit(s), 0 error(s), 1 left on base; Plumstead 4 - Lee's Summit 5
TOP OF THE 8TH
Plumstead Eagles batting - Pitching for Lee's Summit Tigers : RHP Jeff Mann
Pitching: RHP John Martínez
Now at SS: Juan Glaviz
Now in RF: José López
Batting: RHB Ethan Moore 0-0: Called Strike
0-1: Called Strike
0-2: Ball
1-2: Fly out, F8 (Flyball, 78S)
Pitching: RHP Javier Pacheco
Batting: RHB José Moreno 0-0: SINGLE (Flyball, 7S)
Pinch Hitting: RHB J.J. Leslie 0-0: Ball
1-0: Called Strike
1-1: SINGLE (Groundball, 6MD)
José Moreno to second
Pinch Hitting: LHB Víctor Peña 0-0: Foul Ball, location: 2F
0-1: Called Strike
0-2: SINGLE (Line Drive, 7S)
José Moreno to third
J.J. Leslie to second
Runner from 3rd tries for Home, SAFE, no throw or cutoff
Batting: RHB Howard Johnson 0-0: Foul Ball, location: 2F
0-1: Bunted foul
0-2: Strikes out swinging
Batting: LHB Dennis McConnell 0-0: Foul Ball, location: 2F
0-1: Swinging Strike
0-2: Strikes out swinging
Top of the 8th over - 1 run(s), 3 hit(s), 0 error(s), 2 left on base; Plumstead 5 - Lee's Summit 5
BOTTOM OF THE 8TH
Lee's Summit Tigers batting - Pitching for Plumstead Eagles : LHP Joe Cates
Now in CF: Víctor Peña
Now in RF: J.J. Leslie
Batting: RHB Rusty Bennett 0-0: Swinging Strike
0-1: Fly out, F5 (Popup, 2L)
Batting: RHB Gustavo Valle 0-0: Ball
1-0: Ball
2-0: Foul Ball, location: 2F
2-1: Foul Ball, location: 2F
2-2: Ball
3-2: Strikes out swinging, 2-3 out at first.
Pinch Hitting: RHB Flint Todd 0-0: Called Strike
0-1: Called Strike
0-2: Ball
1-2: Strikes out looking
Bottom of the 8th over - 0 run(s), 0 hit(s), 0 error(s), 0 left on base; Plumstead 5 - Lee's Summit 5
TOP OF THE 9TH
Plumstead Eagles batting - Pitching for Lee's Summit Tigers : RHP Javier Pacheco
Pitching: RHP Lester Williams
Now in CF: Kyle Baylor
Batting: RHB Carlos Palomón 0-0: Ball
1-0: Ball
2-0: Called Strike
2-1: Foul Ball, location: 2F
2-2: SINGLE (Groundball, 5)
Batting: RHB Jaime Rodríguez 0-0: Ball
1-0: Ball
2-0: Sac Bunt - play at first, batter OUT! 1-4
Carlos Palomón to second
Batting: RHB Juan Caceres 0-0: Ball
Throwing error on steal attempt, E2
Carlos Palomón scores
1-0: Ball
2-0: Swinging Strike
2-1: Ball
3-1: DOUBLE (Line Drive, 7LM)
Batting: RHB Ethan Moore 0-0: Intentional Walk
Batting: RHB José Moreno 0-0: Called Strike
0-1: Called Strike
Juan Caceres steals 3rd base
Ethan Moore to second
0-2: Ground out 5-3 (Groundball, 5L)
Batting: RHB J.J. Leslie 0-0: Ball
1-0: Ball
2-0: Ball
3-0: Base on Balls
Batting: LHB Víctor Peña 0-0: Ball
1-0: GRAND SLAM HOME RUN (Line Drive, 89XD), Distance : 372 ft
Batting: RHB Howard Johnson 0-0: Ground out 5-3 (Groundball, 56)
Top of the 9th over - 5 run(s), 3 hit(s), 1 error(s), 0 left on base; Plumstead 10 - Lee's Summit 5
BOTTOM OF THE 9TH
Lee's Summit Tigers batting - Pitching for Plumstead Eagles : LHP Joe Cates
Now at 1B: Jeff West
Now in CF: Jeff Townsley
Batting: LHB Juan Hinojosa 0-0: Foul Ball, location: 2F
0-1: Called Strike
0-2: SOLO HOME RUN (Flyball, 9D), Distance : 362 ft
Batting: LHB Tomás Téllez 0-0: Ground out U3 (Groundball, 3)
Batting: RHB Oliver Todd 0-0: SINGLE (Groundball, 34D)
Batting: LHB Edward Rose 0-0: Called Strike
0-1: Ball
1-1: Called Strike
1-2: Strikes out swinging
Batting: LHB José López 0-0: Foul Ball, location: 2F
0-1: Called Strike
0-2: Strikes out swinging
Bottom of the 9th over - 1 run(s), 2 hit(s), 0 error(s), 1 left on base; Plumstead 10 - Lee's Summit 6
This league is powered by Out of the Park Baseball, the baseball management simulation game for PC, Mac and Linux
Tuesday, August 2nd, 2016 - OOTP Baseball 16.8 Build 38